 Dungeon Crawl Stone Soup version 0.25-a0-861-g340c9e8 (webtiles) character file.

Game seed: 13546117076120221797, levelgen mode: deterministic

1710 BlueFish the Insei (level 9, -1/57 HPs)
             Began as an Octopode Transmuter on Apr 29, 2020.
             Was a Believer of Cheibriados.
             Killed from afar by an orc wizard (8 damage)
             ... with a magic dart
             ... on level 6 of the Dungeon.
             The game lasted 00:16:15 (6072 turns).

BlueFish the Insei (Octopode Transmuter)            Turns: 6072, Time: 00:16:16

Health: -1/57      AC:  1    Str: 18    XL:     9   Next: 3%
Magic:  18/22      EV: 15    Int: 21    God:    Cheibriados [**....]
Gold:   148        SH:  0    Dex: 19    Spells: 3/14 levels left

rFire    . . .     SeeInvis .     - Unarmed
rCold    . . .     Gourm    .   (no shield)
rNeg     + + .     Faith    .   (helmet restricted)
rPois    .         Spirit   .   (no amulet)
rElec    .         Reflect  .   f - ring of positive energy
rCorr    .         Harm     .   i - ring of magical power
MR       .....                  k - ring of positive energy
Stlth    ++++......             b - ring of wizardry
HPRegen  0.19/turn              (no ring)
MPRegen  0.18/turn              (no ring)
                                (no ring)
                                (no ring)

@: appendage, drained, very slow
A: almost no armour, stealthy swim, amphibious, 8 rings, constrict 8, tentacle
spike 3, camouflage 1, gelatinous body 1
a: End Transformation, Bend Time, Renounce Religion


You were on level 6 of the Dungeon.
You worshipped Cheibriados.
Cheibriados was pleased with you.
You were hungry.
One of your tentacles had a temporary spike.
You visited 1 branch of the dungeon, and saw 6 of its levels.

You collected 148 gold pieces.

Inventory:

Missiles
 a - 44 arrows
Jewellery
 b - a ring of wizardry (on tentacle)
 f - a ring of positive energy (left tentacle)
 i - a ring of magical power (right tentacle)
 k - a ring of positive energy (on tentacle)
Wands
 j - a wand of iceblast (6)
 p - a wand of acid (11)
 s - a wand of paralysis (14)
Scrolls
 e - 3 scrolls of remove curse
 g - a scroll of blinking
 h - 2 scrolls of teleportation
 l - 3 scrolls of identify
 q - 3 scrolls of enchant armour
Potions
 d - 5 potions of curing
 m - a potion of flight
 n - a potion of cancellation
 o - a potion of invisibility
Comestibles
 c - 14 rations


   Skills:
 * Level 3.5(3.0) Fighting
 * Level 3.9(3.3) Dodging
 * Level 5.3(4.7) Stealth
 * Level 7.1(6.4) Unarmed Combat
 - Level 3.2(2.7) Spellcasting
 * Level 4.2(3.6) Transmutations
 + Level 3.6(3.0) Poison Magic
 * Level 3.0(2.4) Invocations


You had 3 spell levels left.
You knew the following spells:

 Your Spells              Type           Power        Failure   Level  Hunger
a - Beastly Appendage     Tmut           ###...       1%          1    None
b - Sticks to Snakes      Tmut           ###.....     1%          2    ##.....
c - Spider Form           Tmut/Pois      ###.......   4%          3    ###....
d - Blade Hands           Tmut           ###.......   32%         5    ######.

Your spell library contained the following spells:

 Spells                   Type           Power        Failure   Level  Hunger
 Magic Dart               Conj           #...         6%          1    None
 Searing Ray              Conj           #.....       9%          2    ##.....
 Dazzling Flash           Conj/Hex       #.....       16%         3    ###....
 Ice Form                 Ice/Tmut       ##......     26%         4    ####...
 Fulminant Prism          Conj/Hex       #.........   45%         4    ####...
 Iskenderun's Mystic Bla  Conj/Tloc      #.......     45%         4    ####...


Dungeon Overview and Level Annotations

Branches:
Dungeon (6/15)             Temple (0/1) D:6

Altars:
Cheibriados
Elyvilon
Gozag
Hepliaklqana
Nemelex Xobeh
Okawaru
Sif Muna
Vehumet
Xom
The Shining One

Annotations:
D:3 3 runed translucent doors, zbzbzb's ghost, amateur TeAE
D:6 exclusion: kobold demonologist


Innate Abilities, Weirdness & Mutations

You cannot wear most types of armour.
You are very stealthy in the water. (Stealth+)
You are amphibious.
You can wear up to eight rings at the same time.
You can use your tentacles to constrict eight enemies at once.
Your skin changes colour to match your surroundings (Stealth+).
Your rubbery body absorbs attacks. (AC +1, EV +1)
One of your tentacles bears a large vicious spike.


Message History

Something hits you!
* * * LOW HITPOINT WARNING * * *
The orc wizard completely misses you. Something hits you.
* * * LOW HITPOINT WARNING * * *
The orc barely misses you. The orc wizard barely misses you.
The flow of time bends around you.
Cheibriados rebukes something.
Cheibriados rebukes the orc.
The orc seems to slow down.
Cheibriados rebukes the orc wizard.
The orc wizard seems to slow down.
You feel slightly more hungry. Something hits you.
* * * LOW HITPOINT WARNING * * *
The orc wizard closely misses you.
Casting: Beastly Appendage (safe; 1% risk of failure)
Confirm with . or Enter, or press ? or * to list all spells.
One of your tentacles grows a vicious spike.
You hear some strange, mumbled words.
A magic dart appears from out of thin air!
The magic dart hits you!
You die...

#...........#
#...........#
.............#
.............#
..
.............#
.. ............#
.. ............#
.. ...>....$o..#
.. ......#@####
.. #........##o#
##
##./......##.# #
#..........#.. #
#..........##. #
#....<.....# .#
#####..........#
.#
...#..........#
.#
###.#.........#


You could see an orc wizard and an orc.

Vanquished Creatures
  A kobold demonologist (D:6)
  An ice beast (D:5)
  2 phantoms
  2 ogres
  Blork the orc (D:5)
  A bullfrog (D:6)
  A scorpion (D:5)
  A howler monkey (D:6)
  2 jellies
  A bullfrog zombie (D:6)
  2 bullfrog skeletons (D:5)
  2 orc priests (D:5)
  A hound (D:4)
  A centaur skeleton (D:4)
  2 iguanas
  7 orc wizards
  3 worker ants
  8 adders
  An ooze (D:3)
  An adder skeleton (D:4)
  3 worms
  6 dart slugs
  2 leopard geckos
  27 orcs
  5 giant cockroaches
  10 goblins
  7 hobgoblins
  6 jackals
  10 kobolds
  6 quokkas
  4 ball pythons
  8 bats
  3 frilled lizards
  4 rats
142 creatures vanquished.

Vanquished Creatures (collateral kills)
  An adder (D:5)
1 creature vanquished.

Grand Total: 143 creatures vanquished

Notes
Turn   | Place    | Note
-------+----------+-------------------------------------------
     0 | D:1      | BlueFish the Octopode Transmuter began the quest for the
                  | Orb.
     0 | D:1      | Reached XP level 1. HP: 13/13 MP: 3/3
    62 | D:1      | Reached XP level 2. HP: 17/18 MP: 3/5
    66 | D:1      | Learned a level 2 spell: Sticks to Snakes
   326 | D:1      | Reached skill level 1 in Stealth
   365 | D:1      | Reached XP level 3. HP: 20/23 MP: 6/6
  1140 | D:2      | Reached XP level 4. HP: 7/28 MP: 7/7
  1147 | D:2      | Learned a level 3 spell: Spider Form
  1495 | D:3      | Found a radiant altar of Vehumet.
  1496 | D:3      | Found an iron altar of Okawaru.
  1496 | D:3      | Found a shimmering blue altar of Sif Muna.
  1497 | D:3      | Found a snail-covered altar of Cheibriados.
  1497 | D:3      | Found a hazy altar of Hepliaklqana.
  1497 | D:3      | Found a sparkling altar of Nemelex Xobeh.
  1497 | D:3      | Found a shimmering altar of Xom.
  1505 | D:3      | Became a worshipper of Cheibriados the Contemplative
  2036 | D:3      | Reached XP level 5. HP: 33/34 MP: 8/8
  2042 | D:3      | Reached * piety under Cheibriados
  2045 | D:3      | Reached skill level 4 in Unarmed Combat
  2249 | D:3      | Found a runed translucent gate.
  2249 | D:3      | Found a runed translucent gate.
  2249 | D:3      | Found a runed translucent gate.
  2249 | D:3      | Noticed zbzbzb's ghost (amateur TeAE)
  2492 | D:3      | Reached skill level 1 in Poison Magic
  3047 | D:4      | Reached ** piety under Cheibriados
  3228 | D:4      | Reached XP level 6. HP: 39/39 MP: 9/9
  3370 | D:4      | Found an opulent altar of Gozag.
  3411 | D:4      | Reached skill level 1 in Invocations
  3987 | D:5      | Entered Level 5 of the Dungeon
  4244 | D:5      | Reached XP level 7. HP: 13/45 MP: 10/10
  4246 | D:5      | Reached skill level 5 in Unarmed Combat
  4549 | D:5      | Noticed Blork the orc
  4554 | D:5      | Found a white marble altar of Elyvilon.
  4561 | D:5      | Killed Blork the orc
  4851 | D:5      | Reached XP level 8. HP: 51/51 MP: 12/12
  5474 | D:5      | Reached skill level 6 in Unarmed Combat
  5890 | D:6      | Found a staircase to the Ecumenical Temple.
  5909 | D:6      | Noticed a kobold demonologist
  5927 | D:6      | Reached skill level 5 in Stealth
  5958 | D:6      | Found a glowing golden altar of the Shining One.
  5980 | D:6      | Killed a kobold demonologist
  5980 | D:6      | Reached skill level 7 in Unarmed Combat
  5980 | D:6      | Reached XP level 9. HP: 54/57 MP: 13/13
  6018 | D:6      | Learned a level 5 spell: Blade Hands
  6072 | D:6      | Killed from afar by an orc wizard

Levels and vault maps discovered:
D:1:      minmay_arrival_arboretum_small, layout_basic
D:2:      layout_rooms
D:3:      layout_basic, grunt_temple_overflow_open, ebering_ghost_rock_garden,
          minmay_quadrilaterals
D:4:      layout_basic, grunt_gozag_breadcrumbs
D:5:      layout_cave_pods, basic_altar, first_ration, uniq_blork_the_orc
D:6:      layout_rooms, lemuel_round_altar, marbit_many_paths, temple_pool_b,
          minmay_microvault

Skill      XL: |  1  2  3  4  5  6  7  8 |
---------------+-------------------------+-----
Stealth        | 1 2 3 4 5 |  5.3
Unarmed Combat | 4 5 7 |  7.1
Poison Magic   | 1 2 3 |  3.6
Fighting       | 2 3 |  3.5
Invocations    | 1 2 3 |  3.0
Transmutations | 3 4 |  4.2
Dodging        | 3 |  3.9
Spellcasting   | 3 |  3.2

Action                   |  1- 3 |  4- 6 |  7- 9 || total
-------------------------+-------+-------+-------++-------
Melee: Unarmed           |    66 |   168 |   126 ||   360
       Constrict         |    23 |    13 |     5 ||    41
       Kick              |    14 |    13 |    12 ||    39
       Tentacles         |     7 |     7 |    10 ||    24
       Punch             |     3 |     2 |     3 ||     8
 Cast: Beastly Appendage |    23 |    16 |     7 ||    46
       Spider Form       |       |    17 |    10 ||    27
       Sticks to Snakes  |       |       |     6 ||     6
Invok: Bend Time         |       |     1 |     9 ||    10
  Use: Scroll            |     5 |     7 |     2 ||    14
       Potion            |       |     3 |     1 ||     4
 Stab: Sleeping          |     8 |     6 |     1 ||    15
  Eat: Chunk             |     1 |     8 |     4 ||    13
Armor: Skin              |     7 |    13 |    11 ||    31
Dodge: Dodged            |    44 |   171 |   106 ||   321

Table legend:
 A = Non-vault XP
 B = Vault XP
 C = Vault XP percentage of total XP
 D = Non-vault monster count
 E = Vault monster count
 F = Vault count percentage of total count
                 A         B        C        D         E       F
            +---------+---------+-------+---------+---------+-------
      Total |    1911 |     532 |  21.8 |     133 |      10 |   7.0
            +---------+---------+-------+---------+---------+-------
        D:1 |      46 |       0 |   0.0 |      24 |       0 |   0.0
        D:2 |      57 |       0 |   0.0 |      16 |       0 |   0.0
        D:3 |     126 |      29 |  18.7 |      35 |       7 |  16.7
        D:4 |     248 |       0 |   0.0 |      23 |       0 |   0.0
        D:5 |     889 |      94 |   9.6 |      22 |       1 |   4.3
        D:6 |     545 |     409 |  42.9 |      13 |       2 |  13.3
            +---------+---------+-------+---------+---------+-------
